AoeStats
← AJJ

Arabia

510264969Analyzed
1v1 RM · 1d ago on Sep 30, 2026· 25m 1s· 2 players
Game mode
Random Map
Map size
Tiny (2 player)
Population
200
Speed
Normal
Resources
Standard
Victory
Conquest
Starting age
Dark Age
Ending age
Imperial Age
RankedLock teamsTeams togetherTeam positionsShared explorationLock speedFull tech treeHidden civsTurbo modeCheats
Victory
Defeat
🇴🇲 Khitans · Oman
1431
+14
🇮🇳 Vietnamese · India
1395
-14
grilledc803
6:08 Loom
9:09 Feudal Age
9:12 Man-at-Arms
9:48 Double-Bit Axe
13:11 Horse Collar
21:59 Castle Age
22:19 Pikeman
23:12 Bow Saw
23:15 Heavy Plow
23:45 Forging
23:35 Scale Mail Armor
23:58 Crossbowman
AJJ
6:18 Loom
8:55 Feudal Age
9:35 Double-Bit Axe
11:20 Domestication
20:30 Castle Age
21:02 Forging
20:57 Scale Barding Armor
22:19 Iron Casting
Connection lost

Rejoining the realm…

Still unreachable

The connection could not be restored.

Session expired

The server has moved on; the page needs a fresh start.